SA
KENNESAW JETS @ MANCELONA TORCH
08/11/2026
 
TOP OF THE 1ST
Kennesaw Jets batting - Pitching for Mancelona Torch : LHP Tyler Lund
Pitching: LHP Tyler Lund
Batting: RHB Bartolo Rosas 0-0: Foul Ball, location: 2F
0-1: TRIPLE (Flyball, 89XD)
Batting: RHB Omar Durán 0-0: Called Strike
0-1: Swinging Strike
0-2: Ball
1-2: Ground out 4-3 (Groundball, 4)
Bartolo Rosas scores
Batting: LHB Pedro Corona 0-0: Fly out, F7 (Flyball, 7S)
Batting: RHB Raúl Francisco 0-0: Called Strike
0-1: Called Strike
0-2: Foul Ball, location: 2F
0-2: Ball
1-2: Ball
2-2: Foul Ball, location: 2F
2-2: Foul Ball, location: 2F
2-2: Strikes out swinging
Top of the 1st over - 1 run(s), 1 hit(s), 0 error(s), 0 left on base; Kennesaw 1 - Mancelona 0
BOTTOM OF THE 1ST
Mancelona Torch batting - Pitching for Kennesaw Jets : RHP José López
Pitching: RHP José López
Batting: RHB José Córdova 0-0: Foul Ball, location: 2F
0-1: Called Strike
0-2: Fly out, F8 (Flyball, 8LM)
Batting: RHB Blake Snow 0-0: Foul Ball, location: 2F
0-1: Ball
1-1: Ground out 6-3 (Groundball, 6M)
Batting: RHB Todd Sentell 0-0: Swinging Strike
0-1: Ball
1-1: Called Strike
1-2: Ball
2-2: Ball
3-2: Foul Ball, location: 2F
3-2: Base on Balls
Batting: LHB José Valéncia 0-0: Ball
1-0: Foul Ball, location: 2F
1-1: Ball
2-1: Ball
3-1: SINGLE (Flyball, 8LS)
Todd Sentell to second
Runner from 2nd tries for 3rd, SAFE, no throw
Batting: RHB Armando Pacheco 0-0: Ball
1-0: Ball
2-0: Ball
3-0: Called Strike
3-1: Fly out, F9 (Flyball, 9LSF)
Bottom of the 1st over - 0 run(s), 1 hit(s), 0 error(s), 2 left on base; Kennesaw 1 - Mancelona 0
TOP OF THE 2ND
Kennesaw Jets batting - Pitching for Mancelona Torch : LHP Tyler Lund
Batting: RHB Vic Richards 0-0: Ground out 6-3 (Groundball, 6M)
Batting: SHB Pat Sargent 0-0: Ball
1-0: Swinging Strike
1-1: Ground out 6-3 (Groundball, 6)
Batting: RHB Bernardo Martínez 0-0: Ball
1-0: Swinging Strike
1-1: Swinging Strike
1-2: Strikes out swinging
Top of the 2nd over - 0 run(s), 0 hit(s), 0 error(s), 0 left on base; Kennesaw 1 - Mancelona 0
BOTTOM OF THE 2ND
Mancelona Torch batting - Pitching for Kennesaw Jets : RHP José López
Batting: RHB Juan Hernández 0-0: Ball
1-0: Ball
2-0: Swinging Strike
2-1: Foul Ball, location: 2F
2-2: Ground out 6-3 (Groundball, 56)
Batting: SHB Tony Walsh 0-0: Foul Ball, location: 2F
0-1: Ball
1-1: Ball
2-1: Ball
3-1: Base on Balls
Batting: RHB Kyle Vandenbrink 0-0: Called Strike
0-1: DOUBLE (Line Drive, 7LM)
Tony Walsh to third
Batting: LHB Yataro Matsuura 0-0: Called Strike
0-1: Ball
1-1: Ground out 4-3 (Groundball, 34D)
Tony Walsh scores
Kyle Vandenbrink to third
Batting: RHB José Córdova 0-0: Ball
1-0: Called Strike
1-1: Fly out, F9 (Flyball, 9)
Bottom of the 2nd over - 1 run(s), 1 hit(s), 0 error(s), 1 left on base; Kennesaw 1 - Mancelona 1
TOP OF THE 3RD
Kennesaw Jets batting - Pitching for Mancelona Torch : LHP Tyler Lund
Batting: RHB Gerardo Maldonado 0-0: Ball
1-0: Called Strike
1-1: Fly out, F8 (Flyball, 8RM)
Batting: LHB Manuel Márquez 0-0: SINGLE (Line Drive, 8LS)
Batting: RHB Bartolo Rosas 0-0: Ball
Wild Pitch!
Manuel Márquez to second
1-0: Fly out, F3 (Line Drive, 3)
Batting: RHB Omar Durán 0-0: Ball
1-0: Called Strike
1-1: SINGLE (Groundball, 6MD)
Manuel Márquez to third
Runner from 3rd tries for Home, SAFE, no throw
Batting: LHB Pedro Corona 0-0: Called Strike
0-1: Ball
Omar Durán steals 2nd base
1-1: Swinging Strike
1-2: Ball
2-2: Ball
3-2: Base on Balls
Batting: RHB Raúl Francisco 0-0: Ball
1-0: Ball
2-0: Ground out 1-3 (Groundball, 15)
Top of the 3rd over - 1 run(s), 2 hit(s), 0 error(s), 2 left on base; Kennesaw 2 - Mancelona 1
BOTTOM OF THE 3RD
Mancelona Torch batting - Pitching for Kennesaw Jets : RHP José López
Batting: RHB Blake Snow 0-0: Fly out, F7 (Flyball, 7LSF)
Batting: RHB Todd Sentell 0-0: Called Strike
0-1: Ball
1-1: Ball
2-1: Ball
3-1: Base on Balls
Batting: LHB José Valéncia 0-0: Called Strike
0-1: Ball
1-1: Foul Ball, location: 2F
1-2: Ball
2-2: Foul Ball, location: 2F
2-2: SINGLE (Groundball, 4MD)
Todd Sentell to second
Batting: RHB Armando Pacheco 0-0: Called Strike
Todd Sentell steals 3rd base
José Valéncia to second
0-1: Ball
1-1: Ball
2-1: Swinging Strike
2-2: Fly out, F6 (Line Drive, 6M)
Lined into DP, 6-5 (Line Drive, 6M)
Bottom of the 3rd over - 0 run(s), 1 hit(s), 0 error(s), 1 left on base; Kennesaw 2 - Mancelona 1
TOP OF THE 4TH
Kennesaw Jets batting - Pitching for Mancelona Torch : LHP Tyler Lund
Batting: RHB Vic Richards 0-0: Ball
1-0: Swinging Strike
1-1: Called Strike
1-2: Strikes out looking
Batting: SHB Pat Sargent 0-0: Called Strike
0-1: Fly out, F8 (Line Drive, 89M)
Batting: RHB Bernardo Martínez 0-0: Called Strike
0-1: Swinging Strike
0-2: Foul Ball, location: 2F
0-2: Foul Ball, location: 2F
0-2: Foul Ball, location: 2F
0-2: Ball
1-2: Strikes out looking
Top of the 4th over - 0 run(s), 0 hit(s), 0 error(s), 0 left on base; Kennesaw 2 - Mancelona 1
BOTTOM OF THE 4TH
Mancelona Torch batting - Pitching for Kennesaw Jets : RHP José López
Batting: RHB Juan Hernández 0-0: Ground out 5-3 (Groundball, 5L)
Batting: SHB Tony Walsh 0-0: Called Strike
0-1: Ball
1-1: Ball
2-1: Ground out 4-3 (Groundball, 34D)
Batting: RHB Kyle Vandenbrink 0-0: SINGLE (Line Drive, 34D)
Batting: LHB Yataro Matsuura 0-0: Called Strike
0-1: Ball
Wild Pitch!
Kyle Vandenbrink to second
1-1: Ball
2-1: Ball
3-1: Called Strike
3-2: Base on Balls
Batting: RHB José Córdova 0-0: Swinging Strike
0-1: Called Strike
0-2: Foul Ball, location: 2F
0-2: Ground out 1-3 (Groundball, 13)
Bottom of the 4th over - 0 run(s), 1 hit(s), 0 error(s), 2 left on base; Kennesaw 2 - Mancelona 1
TOP OF THE 5TH
Kennesaw Jets batting - Pitching for Mancelona Torch : LHP Tyler Lund
Batting: RHB Gerardo Maldonado 0-0: Reached on error, E5 (Groundball, 5)
Batting: LHB Manuel Márquez 0-0: Ball
1-0: Fly out, F8 (Flyball, 8LM)
Batting: RHB Bartolo Rosas 0-0: Ball
1-0: Ball
2-0: Called Strike
2-1: Ball
3-1: SINGLE (Groundball, 56D)
Gerardo Maldonado to third
Runner from 3rd tries for Home, SAFE, no throw
Batting: RHB Omar Durán 0-0: Ball
1-0: Reached on error, E6 (Popup, 6D)
Bartolo Rosas to second
Batting: LHB Pedro Corona 0-0: Ball
1-0: Ball
Wild Pitch!
Bartolo Rosas to third
Omar Durán to second
2-0: Ball
Wild Pitch!
Bartolo Rosas scores
Omar Durán to third
3-0: Base on Balls
Batting: RHB Raúl Francisco 0-0: Foul Ball, location: 2F
0-1: Foul Ball, location: 2F
0-2: Ball
1-2: Fly out, F8 (Flyball, 89S)
Runner from 3rd tags up, SCORES, no throw
Batting: RHB Vic Richards 0-0: Called Strike
0-1: Ball
1-1: Ball
2-1: Ball
3-1: Base on Balls
Pedro Corona to second
Batting: SHB Pat Sargent 0-0: Called Strike
0-1: Foul Ball, location: 2F
0-2: Strikes out swinging
Top of the 5th over - 3 run(s), 1 hit(s), 2 error(s), 2 left on base; Kennesaw 5 - Mancelona 1
BOTTOM OF THE 5TH
Mancelona Torch batting - Pitching for Kennesaw Jets : RHP José López
Batting: RHB Blake Snow 0-0: Called Strike
0-1: SINGLE (Popup, 5D)
Batting: RHB Todd Sentell 0-0: Called Strike
0-1: Swinging Strike
0-2: Foul Ball, location: 2F
0-2: Strikes out swinging
Batting: LHB José Valéncia 0-0: Called Strike
0-1: Ball
1-1: Ball
2-1: Swinging Strike
2-2: Ball
3-2: Strikes out swinging
Batting: RHB Armando Pacheco 0-0: Called Strike
0-1: Ball
1-1: Ground out U3 (Groundball, 3)
Bottom of the 5th over - 0 run(s), 1 hit(s), 0 error(s), 1 left on base; Kennesaw 5 - Mancelona 1
TOP OF THE 6TH
Kennesaw Jets batting - Pitching for Mancelona Torch : LHP Tyler Lund
Batting: RHB Bernardo Martínez 0-0: Fly out, F7 (Line Drive, 7)
Batting: RHB Gerardo Maldonado 0-0: Called Strike
0-1: Ball
1-1: Swinging Strike
1-2: Foul Ball, location: 2F
1-2: Hit by Pitch
Batting: LHB Manuel Márquez 0-0: Ball
1-0: Ball
2-0: Swinging Strike
2-1: Foul Ball, location: 2F
2-2: SINGLE (Groundball, 56D)
Gerardo Maldonado to second
Gerardo Maldonado to third
Batting: RHB Bartolo Rosas 0-0: Ball
1-0: Fly out, F9 (Flyball, 9LM)
Runner from 3rd tags up, SCORES, no throw
Pitching: RHP Ken Lloyd
Batting: RHB Omar Durán 0-0: Ball
1-0: SINGLE (Line Drive, 56D)
Manuel Márquez to second
Batting: LHB Pedro Corona 0-0: Ball
1-0: Foul Ball, location: 2F
1-1: Fly out, F8 (Flyball, 8RD)
Top of the 6th over - 1 run(s), 2 hit(s), 0 error(s), 2 left on base; Kennesaw 6 - Mancelona 1
BOTTOM OF THE 6TH
Mancelona Torch batting - Pitching for Kennesaw Jets : RHP José López
Batting: RHB Juan Hernández 0-0: Called Strike
0-1: Ball
1-1: Fly out, F4 (Line Drive, 4M)
Batting: SHB Tony Walsh 0-0: Called Strike
0-1: Fly out, F8 (Flyball, 8RM)
Batting: RHB Kyle Vandenbrink 0-0: Called Strike
0-1: Swinging Strike
0-2: Ball
1-2: Strikes out swinging
Bottom of the 6th over - 0 run(s), 0 hit(s), 0 error(s), 0 left on base; Kennesaw 6 - Mancelona 1
TOP OF THE 7TH
Kennesaw Jets batting - Pitching for Mancelona Torch : RHP Ken Lloyd
Batting: RHB Raúl Francisco 0-0: Fly out, F7 (Flyball, 7)
Batting: RHB Vic Richards 0-0: Called Strike
0-1: Swinging Strike
0-2: SINGLE (Flyball, 3D)
Batting: SHB Pat Sargent 0-0: Called Strike
0-1: Ball
1-1: Ball
2-1: Called Strike
2-2: SINGLE (Groundball, 34D)
Vic Richards to second
Batting: RHB Bernardo Martínez 0-0: SINGLE (Groundball, 56D)
Vic Richards to third
Pat Sargent to second
Batting: RHB Gerardo Maldonado 0-0: Ball
1-0: Called Strike
1-1: Hit by Pitch
Vic Richards scores
Pat Sargent to third
Bernardo Martínez to second
Batting: LHB Manuel Márquez 0-0: Called Strike
0-1: Grounds out, U3 (Groundball, 3L)
Pat Sargent scores
Bernardo Martínez to third
Batting: RHB Bartolo Rosas 0-0: Called Strike
0-1: Foul Ball, location: 2F
0-2: Foul Ball, location: 2F
0-2: Ball
1-2: Strikes out swinging
Top of the 7th over - 2 run(s), 3 hit(s), 0 error(s), 2 left on base; Kennesaw 8 - Mancelona 1
BOTTOM OF THE 7TH
Mancelona Torch batting - Pitching for Kennesaw Jets : RHP José López
Batting: LHB Yataro Matsuura 0-0: Foul Ball, location: 2F
0-1: Fly out, F4 (Line Drive, 4D)
Batting: RHB José Córdova 0-0: Called Strike
0-1: SINGLE (Groundball, 56D)
Batting: RHB Blake Snow 0-0: Called Strike
José Córdova is caught stealing 2nd base
0-1: Ball
1-1: Foul Ball, location: 2F
1-2: Strikes out swinging
Bottom of the 7th over - 0 run(s), 1 hit(s), 0 error(s), 0 left on base; Kennesaw 8 - Mancelona 1
TOP OF THE 8TH
Kennesaw Jets batting - Pitching for Mancelona Torch : RHP Ken Lloyd
Batting: RHB Omar Durán 0-0: Fly out, F9 (Flyball, 9LS)
Batting: LHB Pedro Corona 0-0: Ball
1-0: Ball
2-0: SINGLE (Line Drive, 34)
Batting: RHB Raúl Francisco 0-0: Ball
1-0: Ball
2-0: Fly out, F6 (Line Drive, 6)
Batting: RHB Vic Richards 0-0: Ball
1-0: Called Strike
Pedro Corona steals 2nd base
1-1: Called Strike
1-2: Foul Ball, location: 2F
1-2: Fly out, F7 (Line Drive, 7)
Top of the 8th over - 0 run(s), 1 hit(s), 0 error(s), 1 left on base; Kennesaw 8 - Mancelona 1
BOTTOM OF THE 8TH
Mancelona Torch batting - Pitching for Kennesaw Jets : RHP José López
Now at C: Shannon Corzo
Batting: RHB Todd Sentell 0-0: Ball
1-0: Called Strike
1-1: Swinging Strike
1-2: Strikes out swinging
Batting: LHB José Valéncia 0-0: Called Strike
0-1: Fly out, F8 (Flyball, 8LS)
Batting: RHB Armando Pacheco 0-0: Ground out 4-3 (Groundball, 4)
Bottom of the 8th over - 0 run(s), 0 hit(s), 0 error(s), 0 left on base; Kennesaw 8 - Mancelona 1
TOP OF THE 9TH
Kennesaw Jets batting - Pitching for Mancelona Torch : RHP Ken Lloyd
Batting: SHB Pat Sargent 0-0: Called Strike
0-1: Ball
1-1: Foul Ball, location: 2F
1-2: Fly out, F8 (Flyball, 8LM)
Batting: RHB Bernardo Martínez 0-0: Swinging Strike
0-1: Ball
1-1: Called Strike
1-2: Ball
2-2: Ball
3-2: Foul Ball, location: 2F
3-2: Strikes out swinging
Batting: RHB Gerardo Maldonado 0-0: Called Strike
0-1: Swinging Strike
0-2: Strikes out swinging
Top of the 9th over - 0 run(s), 0 hit(s), 0 error(s), 0 left on base; Kennesaw 8 - Mancelona 1
BOTTOM OF THE 9TH
Mancelona Torch batting - Pitching for Kennesaw Jets : RHP José López
Now in LF: Christopher Pabst
Batting: RHB Juan Hernández 0-0: Called Strike
0-1: Ground out 6-3 (Groundball, 6S)
Pitching: RHP Luis Torrez
Batting: SHB Tony Walsh 0-0: Swinging Strike
0-1: Ball
1-1: Swinging Strike
1-2: Ball
2-2: Ground out 5-3 (Groundball, 5S)
Batting: RHB Kyle Vandenbrink 0-0: Ball
1-0: Ball
2-0: Ball
3-0: Base on Balls
Batting: LHB Yataro Matsuura 0-0: Ground out 3-1 (Groundball, 34)
Bottom of the 9th over - 0 run(s), 0 hit(s), 0 error(s), 1 left on base; Kennesaw 8 - Mancelona 1
Monday, March 20th, 2017 - OOTP Baseball 17.12 Build 75